 Dungeon Crawl Stone Soup version 0.30-a0-365-ge7f957f1db (webtiles) character file.

Game seed: 5311624372678486055

593 MachoJfn the Magician (level 7, 0/41 HPs)
             Began as a Deep Elf Fire Elementalist on Nov 17, 2022.
             Was a Follower of Uskayaw.
             Killed by an exploding black bear (39 damage)
             ... ignited by their inner flame
             ... on level 4 of the Dungeon on Nov 18, 2022.
             The game lasted 00:25:10 (4938 turns).

MachoJfn the Magician (Deep Elf Fire Elementalist)  Turns: 4938, Time: 00:25:11

Health: 0/41       AC:  4    Str:  5    XL:     7   Next: 16%
Magic:  17/17      EV: 13    Int: 27    God:    Uskayaw [*.....]
Gold:   171        SH:  5    Dex: 15    Spells: 16/17 levels left

rFire   . . .      SeeInvis .    n - +4 dagger "Morg" {pain, Will+ Int+5}
rCold   . . .      Faith    .    (no shield)
rNeg    . . .      Spirit   .    i - +0 leather armour
rPois   .          Reflect  +    (no helmet)
rElec   .          Harm     .    k - scarf {shadows}
rCorr   .          Rampage  .    (no gloves)
Will    +....                    o - +0 pair of boots
Stlth   +++.......               l - amulet of reflection
HPRegen 0.26/turn                g - ring of wizardry
MPRegen 0.15/turn                h - ring of flight

@: flying
A: no striking features
a: Renounce Religion, Stomp


You were on level 4 of the Dungeon.
You worshipped Uskayaw.
Uskayaw was noncommittal.
You visited 1 branch of the dungeon, and saw 4 of its levels.

You collected 171 gold pieces.

Inventory:

Hand Weapons
 a - the +3 dagger "Iberolop" {vorpal, rC+ rN+ Will+ Stlth-}
   (You found it on level 2 of the Dungeon)

   It inflicts extra damage upon your enemies.
   rC:        It protects you from cold.
   rN:        It protects you from negative energy.
   Will:      It increases your willpower.
   Stlth:     It makes you less stealthy.
 n - the +4 dagger "Morg" (weapon) {pain, Will+ Int+5}
   (You found it on level 3 of the Dungeon)

   In the hands of one skilled in necromantic magic, it inflicts extra damage on
   living creatures.
   Int:       It affects your intelligence (+5).
   Will:      It increases your willpower.
Armour
 i - a +0 leather armour (worn)
 k - a scarf of shadows (worn)
 o - a +0 pair of boots (worn)
Jewellery
 g - a ring of wizardry (left hand)
 h - a ring of flight (right hand)
 l - an amulet of reflection (around neck)
Wands
 p - a wand of roots (2)
Scrolls
 d - a scroll of noise {unknown}
 j - a scroll of butterflies
 q - a scroll of amnesia {unknown}
Potions
 b - a potion of magic
 e - 4 potions of brilliance


   Skills:
 + Level 3.0 Fighting
 + Level 3.8 Short Blades
 + Level 2.2 Maces & Flails
 + Level 2.8 Armour
 + Level 5.3 Dodging
 + Level 5.5 Stealth
 + Level 0.2 Shields
 + Level 2.4 Unarmed Combat
 + Level 5.7 Spellcasting
 + Level 3.9 Conjurations
 + Level 5.2 Fire Magic


You had 16 spell levels left.
You knew the following spells:

 Your Spells              Type           Power      Damage    Failure   Level
a - Foxfire               Conj/Fire      100%       2x1d9     1%          1

Your spell library contained the following spells:

 Spells                   Type           Power      Damage    Failure   Level
 Scorch                   Fire           72%        2d8       1%          2
 Inner Flame              Hex/Fire       21%        N/A       4%          3
 Kindle Blastsparks       Fire/Tloc/Air  34%        2d12      6%          3
 Flame Wave               Conj/Fire      32%        2d9       6%          4
 Call Canine Familiar     Summ           7%         N/A       13%         3
 Portal Projectile        Hex/Tloc       14%        N/A       13%         3
 Animate Dead             Necr           7%         N/A       38%         4
 Leda's Liquefaction      Hex/Erth       3%         N/A       38%         4
 Haunt                    Necr/Summ      3%         N/A       100%        7
 Infestation              Necr           3%         N/A       100%        8


Dungeon Overview and Level Annotations

Branches:
Dungeon (4/15)             Temple (0/1) D:4

Altars:
Uskayaw

Annotations:
D:3 1 runed translucent door, Crazy Yiuf


Message History

You puncture the dart slug!
You kill the dart slug!
Found a stone staircase leading up.
You now have 171 gold pieces (gained 8).
You hear the hiss of an avalanche of sand nearby.
An orc comes into view. It is wielding a +0 whip.
Found 17 gold pieces.
Found a scroll of immolation.
A black bear comes into view.
The black bear growls angrily.
The orc shouts!
Found a sedimented amethyst potion.
Found a staircase to the Ecumenical Temple.
You barely miss the orc. You block the orc's attack.
You hit the orc.
You kill the orc!
Things that are here:
a +0 whip; an orc corpse You see here a scroll of immolation.
c - a scroll of immolation
As you read the scroll of immolation, it crumbles to dust.
The creatures around you are filled with an inner flame!
The black bear closely misses you. The black bear completely misses you.
The black bear claws you but does no damage.
You hit the black bear but do no damage.
Your punch misses the black bear. The black bear bites you.
You block the black bear's attack.
The black bear claws you but does no damage.
You hit the black bear.
Flame seeps out of the black bear.
The black bear is lightly wounded.
You hit the black bear.
Flame seeps out of the black bear.
The black bear is lightly wounded.
The black bear is engulfed in blazing flames.
Flame seeps out of the black bear.
The black bear goes berserk!
You hit the black bear.
Flame seeps out of the black bear.
The black bear is almost dead.
The black bear is engulfed in blazing flames.
The black bear explodes!
The fiery explosion engulfs you!!!
Ouch! That really hurt!
You die...

##. ...... ..
#....#...>. ...#
#.......!.. #..$
#....#.....
##...##..#.......
......#..#.#.#.#.
.......§§.......
#....§°@...##
..###...########
........#
...###..# #..##
##..## ##...#
##....# #.....#


There were no monsters in sight!

Vanquished Creatures
  Sigmund (D:3)
  A black bear (D:4)
  A phantom (D:4)
  Terence (D:3)
  2 orc wizards
  8 gnolls
  4 adders
  A worm (D:2)
  A dart slug (D:4)
  13 orcs
  13 ball pythons
  5 endoplasms
  A giant cockroach (D:3)
  6 goblins
  4 hobgoblins
  11 jackals (D:1)
  8 kobolds
  3 quokkas
  5 bats
  A frilled lizard (D:3)
  21 rats
111 creatures vanquished.

Vanquished Creatures (others)
  101 foxfires
  2 plants (D:3)
103 creatures vanquished.

Grand Total: 214 creatures vanquished

Notes
Turn   | Place    | Note
-------+----------+-------------------------------------------
     0 | D:1      | MachoJfn the Deep Elf Fire Elementalist began the quest for
                  | the Orb.
     0 | D:1      | Reached XP level 1. HP: 10/10 MP: 6/6
   620 | D:1      | Reached XP level 2. HP: 15/15 MP: 2/8
  1282 | D:1      | Reached XP level 3. HP: 19/19 MP: 5/9
  1723 | D:2      | Identified the +3 dagger "Iberolop" {vorpal, rC+ rN+ Will+
                  | Stlth-}
  1908 | D:2      | Found a faded altar of an unknown god.
  1922 | D:2      | Prayed at the altar of an unknown god.
  1922 | D:2      | Became a worshipper of Uskayaw the Reveller
  1922 | D:2      | Reached * piety under Uskayaw
  1993 | D:2      | Reached skill level 5 in Stealth
  1993 | D:2      | Reached skill level 5 in Spellcasting
  1993 | D:2      | Reached skill level 5 in Fire Magic
  1993 | D:2      | Reached XP level 4. HP: 26/27 MP: 9/13
  2149 | D:2      | Reached ** piety under Uskayaw
  2156 | D:2      | Reached *** piety under Uskayaw
  2162 | D:2      | Reached skill level 5 in Dodging
  2171 | D:2      | Reached **** piety under Uskayaw
  2887 | D:3      | Reached XP level 5. HP: 10/31 MP: 13/15
  3313 | D:3      | Noticed Sigmund
  3335 | D:3      | Killed Sigmund
  3336 | D:3      | Reached XP level 6. HP: 22/37 MP: 8/16
  3536 | D:3      | Found the +4 dagger "Morg" {pain, Will+ Int+5}
  3922 | D:3      | Noticed Terence
  3953 | D:3      | Killed Terence
  4255 | D:3      | Found a runed translucent door.
  4256 | D:3      | Noticed Crazy Yiuf
  4673 | D:4      | Reached XP level 7. HP: 9/41 MP: 14/17
  4697 | D:4      | HP: 1/41 [something/magic dart (7)]
  4928 | D:4      | Found a staircase to the Ecumenical Temple.
  4938 | D:4      | Killed by an exploding black bear... ignited by their inner
                  | flame

Illustrated notes

Levels and vault maps discovered:
D:1:      dpeg_arrival_circle_labyrinth_a, layout_basic
D:2:      layout_basic, shapermc_ecumenical_altar_starsandcircs,
          nicolae_eternal_life, minmay_rat_hole
D:3:      layout_basic, minmay_shallow_snake_nest, uniq_terence,
          uniq_crazy_yiuf_cottage, uniq_sigmund
D:4:      layout_cave_pods, minmay_temple_entry_glass, enter_ossuary_2,
          grunt_ministairs_13

Skill      XL: |  1  2  3  4  5 |
---------------+----------------+-----
Dodging        | 3 4 5 |  5.3
Stealth        | 3 5 |  5.5
Fighting       | 2 3 |  3.0
Short Blades   | 3 |  3.8
Maces & Flails | 2 |  2.2
Armour         | 2 |  2.8
Unarmed Combat | 2 |  2.4
Spellcasting   | 5 |  5.7
Conjurations   | 3 |  3.9
Fire Magic     | 5 |  5.2
Shields        | |  0.2

Action                   |  1- 3 |  4- 6 |  7- 9 || total
-------------------------+-------+-------+-------++-------
Melee: Unarmed           |    11 |       |       ||    11
       Mace              |    27 |       |       ||    27
       Dagger            |     4 |   158 |    14 ||   176
       Punch             |       |     1 |       ||     1
 Cast: Foxfire           |    31 |    28 |    20 ||    79
Invok: Stomp             |       |     1 |       ||     1
Evoke: Wand              |       |       |     1 ||     1
  Use: Scroll            |     7 |     2 |     1 ||    10
       Potion            |     1 |     3 |       ||     4
 Stab: Sleeping          |     2 |     3 |       ||     5
       Paralysed         |       |     3 |       ||     3
Armor: Robe              |     7 |       |       ||     7
       Leather armour    |     9 |    40 |     2 ||    51
Dodge: Dodged            |    54 |   153 |     6 ||   213
Block: Other             |       |    18 |     2 ||    20
       Reflection        |       |     1 |       ||     1

Table legend: (Time is in decaauts)
 A = Elapsed time spent in this place.
 B = Non-inter-level travel time spent in this place.
 C = Inter-level travel time spent in this place.
 D = Time resting spent in this place.
 E = Time spent auto-exploring this place.
 F = Levels seen in this place.
 G = Mean time per level.
                   A        B        C        D        E       F      G
               +--------+--------+--------+--------+--------+-----+--------+
         Total |   4899 |   4227 |    672 |   1332 |   2225 |   4 | 1224.8 |
       Dungeon |   4899 |   4227 |    672 |   1332 |   2225 |   4 | 1224.8 |
               +--------+--------+--------+--------+--------+-----+--------+

Top non-repeatable levels by time:
     D:3: 1777 daAuts
     D:1: 1684 daAuts
     D:2: 1156 daAuts
     D:4: 281 daAuts
